 Dungeon Crawl Stone Soup version 0.27-a0-216-g1fbed8a51c (webtiles) character file.

Game seed: 17646559999774913909

137 knot the Chopper (level 5, 24/61 HPs)
             Began as a Demonspawn Berserker on Feb 1, 2021.
             Was a Believer of Trog.
             Quit the game on level 3 of the Dungeon.
             The game lasted 00:03:38 (2827 turns).

knot the Chopper (Demonspawn Berserker)             Turns: 2827, Time: 00:03:39

Health: 24/61      AC:  5    Str: 17    XL:     5   Next: 0%
Magic:  5/5        EV: 15    Int: 10    God:    Trog [**....]
Gold:   59         SH:  0    Dex: 12    Spells: 4/4 levels left

rFire    + . .     SeeInvis .   a - +0 hand axe
rCold    . . .     Faith    .   (no shield)
rNeg     . . .     Spirit   .   t - +0 ring mail
rPois    .         Reflect  .   (helmet restricted)
rElec    .         Harm     .   (no cloak)
rCorr    .         Rampage  .   (no gloves)
Will     .....                  (no boots)
Stlth    ..........             (no amulet)
HPRegen  0.20/turn              o - ring of protection from fire
MPRegen  0.09/turn              u - +4 ring of evasion

@: berserking, very quick
A: antennae 2, sanguine armour 1
a: Renounce Religion, Berserk, Trog's Hand


You were on level 3 of the Dungeon.
You worshipped Trog.
Trog was pleased with you.
You visited 1 branch of the dungeon, and saw 3 of its levels.

You collected 59 gold pieces.

Inventory:

Hand Weapons
 a - a +0 hand axe (weapon)
Missiles
 l - 92 stones (quivered)
Armour
 t - a +0 ring mail (worn)
Jewellery
 b - an uncursed ring of see invisible
 o - a ring of protection from fire (left hand)
 u - a +4 ring of evasion (right hand)
Scrolls
 e - a scroll of remove curse {unknown}
 g - 2 scrolls of fog {unknown}
 i - a scroll of enchant armour {unknown}
 j - a scroll of magic mapping {unknown}
 k - a scroll of blinking {unknown}
 m - a scroll of identify {unknown}
 n - 2 scrolls of teleportation {unknown}
 r - 2 scrolls of enchant weapon {unknown}
 v - a scroll of fear {unknown}
Potions
 c - a potion of flight {unknown}
 d - 2 potions of lignification {unknown}
 f - 3 potions of curing {unknown}
 p - a potion of brilliance {unknown}
 s - 2 potions of cancellation {unknown}


   Skills:
 - Level 3.0 Fighting
 * Level 4.6 Axes
 * Level 2.1 Throwing
 - Level 1.7 Armour
 - Level 1.7 Dodging


You had 4 spell levels left.
You didn't know any spells.
Your spell library was empty.

Dungeon Overview and Level Annotations

Branches:
Dungeon (3/15)

Altars:
Gozag
Vehumet
Xom


Innate Abilities, Weirdness & Mutations

You have a pair of antennae on your head.
When seriously injured, your bleeding wounds create armour. (AC +0)


Message History

You slash the orc priest!
The orc priest is severely wounded.
You hit the orc.
You kill the orc!
Trog accepts your kill.
The orc priest hits you with a +0 war axe.
You hit the orc priest.
The orc priest is almost dead.
The orc priest calls down the wrath of Beogh upon you.
You barely resist.
A kobold comes into view.
The kobold shouts!
You hit the orc priest.
You kill the orc priest!
Trog accepts your kill.
Your Throwing skill increases to level 2!
You have reached level 5!
Your demonic ancestry asserts itself...
You feel your blood ready itself to protect you.
Are you sure you want to abandon this character and quit the game? (Confirm with "yes".)

#.#..##.##..# .+
#.#.#.#.#K#.# ..#
#.#.##...##.#...#
#.............+
###.##...##.##.#
#.#.#.#.#.# {#
#()##(##..#
##.†(.)....#
#.####@####.#
###.####.)....#
#.............+
##.#####......#
#.# #......# #.#
######## #.# #.#
#.#


You could see a kobold.

Vanquished Creatures
  An orc priest (D:3)
  2 gnolls (D:2)
  An adder (D:2)
  3 worms (D:2)
  A dart slug (D:2)
  4 leopard geckos
  4 orcs (D:3)
  8 bats
  2 giant cockroaches
  5 hobgoblins (D:1)
  6 jackals (D:1)
  8 kobolds
  5 frilled lizards
  4 goblins
  9 rats
63 creatures vanquished.

Notes
Turn   | Place    | Note
-------+----------+-------------------------------------------
     0 | D:1      | knot the Demonspawn Berserker began the quest for the Orb.
     0 | D:1      | Reached XP level 1. HP: 18/18 MP: 1/1
    63 | D:1      | Reached skill level 3 in Axes
   223 | D:1      | Gained mutation: You have a pair of small antennae on your
                  | head. [demonic ancestry]
   223 | D:1      | Reached XP level 2. HP: 20/24 MP: 2/2
   871 | D:1      | Reached ** piety under Trog
   887 | D:1      | Reached XP level 3. HP: 26/29 MP: 3/3
  1639 | D:2      | Reached skill level 4 in Axes
  1745 | D:2      | Found a shimmering altar of Xom.
  2023 | D:2      | Found an opulent altar of Gozag.
  2028 | D:2      | Found a radiant altar of Vehumet.
  2287 | D:2      | Reached skill level 1 in Throwing
  2292 | D:2      | Gained mutation: You have a pair of antennae on your head.
                  | [demonic ancestry]
  2292 | D:2      | Reached XP level 4. HP: 35/35 MP: 4/4
  2827 | D:3      | Gained mutation: When seriously injured, your bleeding
                  | wounds create armour. (AC +0) [demonic ancestry]
  2827 | D:3      | Reached XP level 5. HP: 24/41 MP: 5/5
  2827 | D:3      | Quit the game

Illustrated notes

Levels and vault maps discovered:
D:1:      dpeg_arrival_orchard, layout_loops_corners
D:2:      layout_basic, old_standard_altar, amethyst_overflow_temple_binary
D:3:      layout_basic, roderic_three_in_a_row, st_stairs_9, xom_redecorated,
          uniq_crazy_yiuf_cottage

Skill      XL: |  1  2  3  4 |
---------------+-------------+-----
Axes           | 3 4 |  4.6
Throwing       | 1 2 |  2.1
Fighting       | |  3.0
Armour         | |  1.7
Dodging        | |  1.7

Action                   |  1- 3 |  4- 6 || total
-------------------------+-------+-------++-------
Melee: Hand axe          |   129 |    34 ||   163
Throw: Boomerang         |    41 |    32 ||    73
       Dart              |       |     8 ||     8
Invok: Berserk           |     3 |     1 ||     4
Armor: Animal skin       |    16 |       ||    16
       Ring mail         |     9 |     4 ||    13
Dodge: Dodged            |   104 |    20 ||   124

Table legend: (Time is in decaauts)
 A = Elapsed time spent in this place.
 B = Non-inter-level travel time spent in this place.
 C = Inter-level travel time spent in this place.
 D = Time resting spent in this place.
 E = Time spent auto-exploring this place.
 F = Levels seen in this place.
 G = Mean time per level.
                   A        B        C        D        E       F      G
               +--------+--------+--------+--------+--------+-----+--------+
         Total |   2889 |   2800 |     89 |    366 |   1960 |   3 |  963.0 |
       Dungeon |   2889 |   2800 |     89 |    366 |   1960 |   3 |  963.0 |
               +--------+--------+--------+--------+--------+-----+--------+

Top non-repeatable levels by time:
     D:1: 1473 daAuts
     D:2: 1240 daAuts
     D:3: 175 daAuts
